 Dungeon Crawl Stone Soup version 0.29.1-13-g9f3cf754e1 (webtiles) character file.

Game seed: 15165297828702248842

480 DemonSlayer the Digger (level 6, -3/41 HPs)
             Began as a Demonspawn Earth Elementalist on Feb 3, 2023.
             Slain by a water moccasin zombie (6 damage)
             ... in an ossuary.
             The game lasted 00:08:37 (4484 turns).

DemonSlayer the Digger (DsEE)                       Turns: 4484, Time: 00:08:37

Health: -3/41      AC:  4    Str: 11    XL:     6   Next: 86%
Magic:  5/12       EV: 12    Int: 16    God:
Gold:   225        SH:  5    Dex: 13    Spells: 3/13 levels left

rFire   . . .      SeeInvis .   b - +3 short sword
rCold   . . .      Faith    .   (no shield)
rNeg    + . .      Spirit   .   a - +0 robe
rPois   .          Reflect  +   (helmet restricted)
rElec   .          Harm     .   (no cloak)
rCorr   .          Rampage  .   (no gloves)
Will    .....                   l - +1 pair of boots
Stlth   ++........              i - amulet of reflection
HPRegen 0.13/turn               o - ring of positive energy
MPRegen 0.13/turn               (no ring)

@: no status effects
A: horns 2
a: no special abilities


You were in an ossuary.
You visited 1 branch of the dungeon, and saw 4 of its levels.
You also visited: Ossuary.

You collected 225 gold pieces.

Inventory:

Hand Weapons
 b - a +3 short sword (weapon)
Armour
 a - a +0 robe (worn)
 l - a +1 pair of boots (worn)
Jewellery
 i - an amulet of reflection (around neck)
 o - a ring of positive energy (left hand)
Scrolls
 c - a scroll of enchant armour
 d - 2 scrolls of torment {unknown}
 e - 2 scrolls of teleportation
 j - a scroll of blinking
Potions
 f - 3 potions of curing
 g - a potion of might {unknown}
 m - 2 potions of berserk rage
 n - a potion of haste {unknown}
 p - a potion of lignification {unknown}


   Skills:
 + Level 0.2 Fighting
 + Level 0.1 Short Blades
 + Level 2.0 Dodging
 + Level 3.3 Stealth
 + Level 0.1 Shields
 + Level 4.4 Spellcasting
 + Level 0.8 Transmutations
 + Level 5.0 Earth Magic


You had 3 spell levels left.
You knew the following spells:

 Your Spells              Type           Power      Damage    Failure   Level
a - Sandblast             Erth           38%        2d10      1%          1
b - Stone Arrow           Conj/Erth      22%        3d8       17%         3
c - Petrify               Tmut/Erth      13%        N/A       43%         4
d - Passwall              Tmut/Erth      10%        N/A       8%          2

Your spell library contained the following spells:

 Spells                   Type           Power      Damage    Failure   Level
 Portal Projectile        Hex/Tloc       6%         N/A       43%         3
 Tukima's Dance           Hex            3%         N/A       43%         3
 Blade Hands              Tmut           3%         N/A       97%         5


Dungeon Overview and Level Annotations

Branches:
Dungeon (4/15)            Ossuary (1/1)
 Temple: D:4-7

Altars:


Innate Abilities, Weirdness & Mutations

You have a pair of horns on your head.


Message History

The water moccasin zombie bites you but does no damage.
The water moccasin zombie barely misses you.
The water moccasin zombie bites you.
The blast of sand misses the water moccasin zombie.
You block the water moccasin zombie's attack.
The water moccasin zombie bites you.
The water moccasin zombie barely misses you.
The water moccasin zombie bites you but does no damage.
The blast of sand hits the water moccasin zombie!
The water moccasin zombie is almost destroyed.
The water moccasin zombie bites you. x2
You block the water moccasin zombie's attack.
The water moccasin zombie bites you.
The blast of sand hits the water moccasin zombie!
You destroy the water moccasin zombie!
The water moccasin zombie bites you. The water moccasin zombie misses you.
Your Dodging skill increases to level 2!
The blast of sand hits the water moccasin zombie.
The water moccasin zombie is lightly damaged.
The water moccasin zombie bites you.
You are too injured to fight recklessly!
You are too injured to fight recklessly!
You are too injured to fight recklessly!
You barely miss the water moccasin zombie.
The water moccasin zombie is lightly damaged.
The water moccasin zombie bites you but does no damage.
The water moccasin zombie bites you!
* * * LOW HITPOINT WARNING * * *
You hit the water moccasin zombie.
The water moccasin zombie is lightly damaged.
The water moccasin zombie bites you.
* * * LOW HITPOINT WARNING * * *
You hit the water moccasin zombie.
The water moccasin zombie is moderately damaged.
The water moccasin zombie bites you.
* * * LOW HITPOINT WARNING * * *
You puncture the water moccasin zombie!
The water moccasin zombie is heavily damaged.
The water moccasin zombie bites you.
You die...

###################
.#...#....'...#..∩#
.'...'....#...#...#
.#...#....#...'...#
#################'#
.# #...# .# #...#
.# #.@.# .# #..Z#
## ##'## .# #...#
.# #...# .# #...#
.# #...# ## ###'#
.# ..#


You could see a water moccasin zombie.

Vanquished Creatures
  An ogre (D:2)
  4 water moccasin zombies (Ossuary)
  A hound (D:4)
  4 adders
  3 gnolls (D:3)
  4 adder zombies (Ossuary)
  3 worms
  A dart slug (D:1)
  6 endoplasms
  2 giant cockroaches
  2 gnoll zombies (Ossuary)
  6 goblins
  5 hobgoblins
  A quokka (D:2)
  4 ball pythons
  5 bats
  4 frilled lizards
  5 hobgoblin zombies (Ossuary)
  3 kobolds
  3 kobold zombies (Ossuary)
  4 orc zombies (Ossuary)
  7 rats
78 creatures vanquished.

Notes
Turn   | Place    | Note
-------+----------+-------------------------------------------
     0 | D:1      | DemonSlayer the Demonspawn Earth Elementalist began the
                  | quest for the Orb.
     0 | D:1      | Reached XP level 1. HP: 13/13 MP: 3/3
   191 | D:1      | Gained mutation: You have a pair of small horns on your
                  | head. [demonic ancestry]
   191 | D:1      | Reached XP level 2. HP: 19/19 MP: 1/5
   372 | D:1      | Reached skill level 3 in Earth Magic
   498 | D:1      | Found a faded altar of an unknown god.
  1022 | D:2      | Noticed an ogre
  1742 | D:2      | Reached XP level 3. HP: 24/24 MP: 4/6
  2167 | D:2      | Killed an ogre
  2168 | D:2      | Reached skill level 4 in Earth Magic
  2168 | D:2      | Reached XP level 4. HP: 30/30 MP: 1/8
  2462 | D:2      | Learned a level 3 spell: Stone Arrow
  2467 | D:2      | Learned a level 4 spell: Petrify
  2940 | D:3      | Gained mutation: You have a pair of horns on your head.
                  | [demonic ancestry]
  2940 | D:3      | Reached XP level 5. HP: 35/35 MP: 5/10
  3543 | D:3      | Learned a level 2 spell: Passwall
  3687 | D:4      | Found a sand-covered staircase.
  3695 | Ossuary  | Entered an ossuary
  3734 | Ossuary  | Reached XP level 6. HP: 37/41 MP: 1/11
  4401 | Ossuary  | Reached skill level 5 in Earth Magic
  4484 | Ossuary  | Slain by a water moccasin zombie

Illustrated notes

Levels and vault maps discovered:
D:1:      psy_arrival_dodecagon, layout_loops_ring,
          shapermc_ecumenical_altar_acropolis, minmay_splitting_lines,
          hangedman_feature_mirror, grunt_decor_fettered, grunt_decor_cap,
          corexii_item_surrounded_by_moat
D:2:      layout_loops_corners, serial_rivers, chequers_serial_rivers_micro_e,
          chequers_serial_rivers_marsh, chequers_serial_rivers_marsh,
          chequers_serial_rivers_room_a
D:3:      layout_loops_corners
D:4:      layout_rooms, enter_ossuary_4
Ossuary:  ossuary_tomb_2

Skill      XL: |  1  2  3  4  5  6 |
---------------+-------------------+-----
Stealth        | 2 3 |  3.3
Earth Magic    | 3 4 5 |  5.0
Spellcasting   | 3 4 |  4.4
Dodging        | 2 |  2.0
Fighting       | |  0.2
Short Blades   | |  0.1
Shields        | |  0.1
Transmutations | |  0.8

Action                   |  1- 3 |  4- 6 || total
-------------------------+-------+-------++-------
Melee: Unarmed           |     2 |       ||     2
       Short sword       |     1 |    11 ||    12
       Headbutt          |       |     1 ||     1
 Cast: Sandblast         |    50 |    93 ||   143
  Use: Potion            |     1 |       ||     1
       Scroll            |     6 |     7 ||    13
Armor: Robe              |     6 |    17 ||    23
Dodge: Dodged            |    14 |    38 ||    52
Block: Other             |       |     9 ||     9
